Flames vs Senateurs
Created - April 21, 2021 at 19:20
Goals
|
| Flames |
0 |
4 |
0 |
4 |
| Senateurs |
1 |
3 |
2 |
6 |
|
Shots
|
| Flames |
11 |
22 |
3 |
36 |
| Senateurs |
10 |
11 |
9 |
30 |
|
1st period
1. Senateurs , Marek Svatos 16 (Maxim Lapierre 23, Matt Martin 20) at 6:45
Penalties :
Nate Prosser (Ott) for Hooking (Minor) at 2:47, Dion Phaneuf (Ott) for Interference (Minor) at 15:45
2nd period
2. Flames , Steve Regier 8 (Jimmy Hayes 18, Christian Folin 8) at 5:04
3. Senateurs , Marek Svatos 17 (Cody Franson 28, Nick Bjugstad 32) at 6:02
4. Flames , Colin Wilson 16 (Jimmy Hayes 19, Erik Johnson 39) at 8:22 (PP)
5. Flames , Eric Staal 48 (Alexander Semin 49, Alexander Radulov 46) at 9:46 (PP)
6. Flames , Erik Johnson 8 (Sami Vatanen 36) at 10:02 (PP)
7. Senateurs , Arturs Kulda 1 (Sean Bergenheim 41, Sergei Kostitsyn 12) at 11:57
8. Senateurs , Eric Gelinas 5 (Nick Bjugstad 33) at 15:28 (PP)
Penalties :
Steve Regier (Cal) for Delaying the game (Minor) at 1:31, Cody Franson (Ott) for Hooking (Minor) at 6:25, Dion Phaneuf (Ott) for Roughing (Double Minor) at 8:39, Sean Bergenheim (Ott) for High sticking (Minor) at 9:40, Erik Johnson (Cal) for Holding (Minor) at 14:54
3rd period
9. Senateurs , Marek Svatos 18 (Maxim Lapierre 24, Matt Martin 21) at 1:14
10. Senateurs , Sergei Kostitsyn 17 (Peter Regin 10, Eric Gelinas 25) at 14:45
Penalties :
Nick Bjugstad (Ott) for Delaying the game (Minor) at 4:14, Nate Prosser (Ott) for Unsportsmanlike conduct (Minor) at 12:19
Goalie Stats
Henrik Lundqvist (Cal), 24 saves from 30 shots - (0.800), L, 34-16-8, 60:00 minutes
Viktor Fasth (Ott), 32 saves from 36 shots - (0.889), W, 27-22-3, 60:00 minutes
Players Stats for Flames
Player Name G A P +/- PIM S H SB GA TA FO MP PP MP PK MP
------------------------------------------------------------------------------------
Alexander Radulov 0 1 1 0 0 2 2 0 1 0 0/0 18:49 7:06 0:00
Alexander Semin 0 1 1 0 0 2 0 0 1 0 0/0 22:07 7:06 0:00
Anders Lee 0 0 0 1 0 1 0 0 0 0 2/4 10:05 0:00 0:00
Brad Marchand 0 0 0 0 0 4 0 0 0 0 0/1 18:55 5:44 1:25
Brendan Mikkelson 0 0 0 -1 0 2 0 0 0 1 0/0 10:34 0:00 0:00
Christian Folin 0 1 1 -1 0 0 0 0 0 1 0/0 10:34 0:00 0:00
Colby Robak 0 0 0 -2 0 0 0 1 0 1 0/0 22:36 5:00 1:22
Colin Wilson 1 0 1 0 0 4 1 1 0 0 6/11 18:44 5:44 1:25
David Backes 0 0 0 0 0 5 2 0 0 0 1/1 16:32 0:03 1:08
David Ullstrom 0 0 0 -5 0 1 1 0 0 0 0/0 8:02 0:06 0:00
Derek Meech 0 0 0 -2 0 2 1 1 0 1 0/0 22:36 5:00 1:22
Eric Staal 1 0 1 0 0 2 3 2 1 0 17/33 22:07 7:06 0:00
Erik Johnson 1 1 2 -1 2 3 2 1 0 1 0/0 26:49 7:53 1:11
Jimmy Hayes 0 2 2 1 0 0 2 0 0 1 0/0 15:44 5:41 0:00
Kyle Palmieri 0 0 0 -5 0 0 0 1 0 1 0/1 7:22 0:00 0:00
Sami Vatanen 0 1 1 -1 0 2 1 0 1 0 0/0 26:50 7:53 1:11
Steve Regier 1 0 1 1 2 5 1 0 0 0 0/0 10:27 0:03 0:00
Vladimir Sobotka 0 0 0 -5 0 1 0 0 0 1 4/5 8:32 0:00 1:08
Players Stats for Senateurs
Player Name G A P +/- PIM S H SB GA TA FO MP PP MP PK MP
------------------------------------------------------------------------------------
Arturs Kulda 1 0 1 1 0 1 1 2 0 0 0/0 14:31 0:00 5:12
Brandon Burlon 0 0 0 1 0 0 0 0 0 0 0/0 9:21 0:00 0:02
Brian McGrattan 0 0 0 0 0 0 0 1 0 0 0/0 8:00 0:00 0:00
Cody Franson 0 1 1 3 2 2 3 0 2 1 0/0 28:32 1:06 6:34
Colby Armstrong 0 0 0 0 0 0 2 1 0 1 0/0 11:23 0:00 0:00
Derek Boogaard 0 0 0 0 0 0 1 1 0 0 2/2 18:22 1:08 5:20
Dion Phaneuf 0 0 0 2 6 2 2 3 2 0 0/0 26:46 1:06 5:16
Eric Gelinas 1 1 2 1 0 3 1 1 1 0 0/0 21:42 1:27 5:26
Marek Svatos 3 0 3 3 0 5 1 0 0 0 0/0 10:54 1:08 0:00
Matt Martin 0 2 2 3 0 2 0 0 1 0 0/0 13:16 0:00 3:34
Maxim Lapierre 0 2 2 4 0 0 3 1 0 0 2/5 12:10 0:00 2:11
Nate Prosser 0 0 0 0 4 1 1 0 0 1 0/0 19:23 1:27 3:16
Nick Bjugstad 0 2 2 0 2 1 0 0 0 0 2/9 13:39 1:08 0:42
Peter Regin 0 1 1 0 0 0 1 0 0 0 1/2 7:35 0:00 0:00
Reilly Smith 0 0 0 0 0 3 2 1 1 0 1/1 16:11 1:25 0:00
Sean Bergenheim 0 1 1 1 2 7 2 0 0 0 0/1 22:34 1:25 5:46
Sergei Kostitsyn 1 1 2 1 0 3 1 0 1 0 0/0 8:35 0:00 0:41
Sidney Crosby 0 0 0 0 0 0 0 0 0 1 18/36 23:44 1:25 7:09
3 Stars
1 - Marek Svatos (Ott)
2 - Maxim Lapierre (Ott)
3 - Eric Gelinas (Ott)
Power Play
Flames - 3 on 8 Attempt(s) - 37.50%
Senateurs - 1 on 2 Attempt(s) - 50.00%
Penalty Kill
Flames - 1 on 2 Attempt(s) - 50.00%
- Score 0 goal in Penalty Kill
Senateurs - 5 on 8 Attempt(s) - 62.50%
- Score 0 goal in Penalty Kill
Team Stat
Flames - Hits : 16 - Faceoff Wins : 30 - Blocked Shots : 7 - Penalty Minutes : 4
Senateurs - Hits : 21 - Faceoff Wins : 26 - Blocked Shots : 11 - Penalty Minutes : 16
Official
Referees : Unknown
Linesman : Unknown
Game Notes
Marek Svatos has scored a Hat Trick!
Finance
Level 1 -- Attendance: 5747 (95.78%) -- Ticket Income $591,941
Level 2 -- Attendance: 3681 (73.62%) -- Ticket Income $250,308
Level 3 -- Attendance: 1806 (90.30%) -- Ticket Income $77,658
Level 4 -- Attendance: 4000 (100.00%) -- Ticket Income $112,000
Luxury Box -- Attendance: 1000 (100.00%) -- Ticket Income $180,000
Game was played at the Place Banque Scotia.
Total Attendance: 16234 (90.19%)
Total Ticket Income: $1,211,907
Other Income: $181,786
Total Income: $1,393,693
Flames
5 vs 5 Forward
Center Left Wing Right Wing Time % Phy DF OF
1 Eric Staal Alexander Semin David Backes 40 1 2 2
2 Colin Wilson Brad Marchand Alexander Radulov 33 1 2 2
3 Anders Lee Steve Regier Jimmy Hayes 19 1 2 2
4 Vladimir Sobotka David Ullstrom Kyle Palmieri 8 1 2 2
5 vs 5 Defense
Defense Defense Time % Phy DF OF
1 Erik Johnson Sami Vatanen 38 1 2 2
2 Derek Meech Colby Robak 29 2 2 1
3 Christian Folin Brendan Mikkelson 23 1 2 2
4 Derek Meech Colby Robak 10 2 2 1
PowerPlay Forward
Center Left Wing Right Wing Time % Phy DF OF
1 Eric Staal Alexander Semin Alexander Radulov 60 1 2 2
2 Colin Wilson Brad Marchand Jimmy Hayes 40 1 2 2
PowerPlay Defense
Defense Defense Time % Phy DF OF
1 Erik Johnson Sami Vatanen 60 1 2 2
2 Derek Meech Colby Robak 40 1 2 2
Penalty Kill 4 Players Forward
Center Wing Time % Phy DF OF
1 Vladimir Sobotka David Backes 50 1 3 1
2 Colin Wilson Brad Marchand 50 1 3 1
Penalty Kill 4 Players Defense
Defense Defense Time % Phy DF OF
1 Erik Johnson Sami Vatanen 58 1 3 1
2 Derek Meech Colby Robak 42 1 3 1
Penalty Kill - 3 Players Forward
Forward Time % Phy DF OF
1 Eric Staal 50 1 4 0
2 Brad Marchand 50 1 4 0
Penalty Kill - 3 Players Defense
Defense Defense Time % Phy DF OF
1 Erik Johnson Sami Vatanen 58 1 4 0
2 Derek Meech Colby Robak 42 1 4 0
4 vs 4 Forward
Center Wing Time % Phy DF OF
1 Eric Staal Alexander Semin 60 2 2 1
2 Colin Wilson David Backes 40 2 2 1
4 vs 4 Defense
Defense Defense Time % Phy DF OF
1 Erik Johnson Sami Vatanen 60 2 2 1
2 Derek Meech Colby Robak 40 2 2 1
Last Minutes Offensive
Center Left Wing Right Wing Defense Defense
Eric Staal Alexander Semin David Backes Erik Johnson Sami Vatanen
Last Minutes Defensive
Center Left Wing Right Wing Defense Defense
Eric Staal Alexander Semin David Backes Erik Johnson Sami Vatanen
Goaltenders
Starting : Henrik Lundqvist
Backup : Christopher Gibson
Extra Forwards
Normal : Brad Marchand, Alexander Semin, David Ullstrom - PP : David Ullstrom, Colin Wilson - PK : Brad Marchand
Extra Defensemen
Normal : Sami Vatanen, Derek Meech, Colby Robak - PP : Derek Meech - PK : Brendan Mikkelson, Christian Folin
Penalty Shots
Eric Staal, Alexander Semin, David Backes, Brad Marchand, Colin Wilson
Scratches
Patrik Berglund (Sprained Left Ankle Injury)
Senateurs
5 vs 5 Forward
Center Left Wing Right Wing Time % Phy DF OF
1 Sidney Crosby Sean Bergenheim Reilly Smith 40 1 2 2
2 Nick Bjugstad Derek Boogaard Colby Armstrong 30 1 2 2
3 Maxim Lapierre Matt Martin Marek Svatos 20 1 2 2
4 Peter Regin Sergei Kostitsyn Brian McGrattan 10 1 2 2
5 vs 5 Defense
Defense Defense Time % Phy DF OF
1 Dion Phaneuf Cody Franson 40 1 2 2
2 Eric Gelinas Nate Prosser 30 1 2 2
3 Brandon Burlon Arturs Kulda 20 1 2 2
4 Dion Phaneuf Cody Franson 10 1 2 2
PowerPlay Forward
Center Left Wing Right Wing Time % Phy DF OF
1 Sidney Crosby Sean Bergenheim Reilly Smith 60 1 2 2
2 Nick Bjugstad Derek Boogaard Marek Svatos 40 1 2 2
PowerPlay Defense
Defense Defense Time % Phy DF OF
1 Dion Phaneuf Cody Franson 60 1 2 2
2 Eric Gelinas Nate Prosser 40 1 2 2
Penalty Kill 4 Players Forward
Center Wing Time % Phy DF OF
1 Sidney Crosby Sean Bergenheim 60 1 2 2
2 Derek Boogaard Matt Martin 40 1 2 2
Penalty Kill 4 Players Defense
Defense Defense Time % Phy DF OF
1 Dion Phaneuf Cody Franson 60 1 2 2
2 Eric Gelinas Nate Prosser 40 1 2 2
Penalty Kill - 3 Players Forward
Forward Time % Phy DF OF
1 Sidney Crosby 60 1 2 2
2 Sean Bergenheim 40 1 2 2
Penalty Kill - 3 Players Defense
Defense Defense Time % Phy DF OF
1 Dion Phaneuf Cody Franson 60 1 2 2
2 Eric Gelinas Nate Prosser 40 1 2 2
4 vs 4 Forward
Center Wing Time % Phy DF OF
1 Sidney Crosby Sean Bergenheim 60 1 2 2
2 Derek Boogaard Matt Martin 40 1 2 2
4 vs 4 Defense
Defense Defense Time % Phy DF OF
1 Dion Phaneuf Cody Franson 60 1 2 2
2 Eric Gelinas Nate Prosser 40 1 2 2
Last Minutes Offensive
Center Left Wing Right Wing Defense Defense
Sidney Crosby Sean Bergenheim Colby Armstrong Dion Phaneuf Cody Franson
Last Minutes Defensive
Center Left Wing Right Wing Defense Defense
Sidney Crosby Sean Bergenheim Colby Armstrong Dion Phaneuf Cody Franson
Goaltenders
Starting : Viktor Fasth
Backup : Jonas Hiller
Extra Forwards
Normal : Sidney Crosby, Marek Svatos, Maxim Lapierre - PP : Matt Martin, Colby Armstrong - PK : Maxim Lapierre
Extra Defensemen
Normal : Brandon Burlon, Arturs Kulda, Eric Gelinas - PP : Brandon Burlon - PK : Arturs Kulda, Eric Gelinas
Penalty Shots
Sidney Crosby, Sean Bergenheim, Derek Boogaard, Matt Martin, Colby Armstrong
Scratches
Matt Moulson (Healthy), Anthony Bitetto (Healthy)
% Time on Ice - Flames
Lines # - Real PCT - Wanted PCT - Time Play
Normal Forward
1 - 35% - 40% - 15:32
2 - 26% - 33% - 11:35
3 - 23% - 19% - 10:05
4 - 17% - 8% - 7:22
Normal Defense
1 - 40% - 38% - 17:46
2 - 30% - 29% - 13:27
3 - 24% - 23% - 10:34
4 - 6% - 10% - 2:47
PP Forward
1 - 55% - 60% - 7:09
2 - 45% - 40% - 5:44
PP Defense
1 - 61% - 60% - 7:53
2 - 39% - 40% - 5:00
PK Forward
1 - 44% - 50% - 1:08
2 - 56% - 50% - 1:25
PK Defense
1 - 46% - 58% - 1:11
2 - 54% - 42% - 1:22
PK3 Forward
1 - 0% - 50%
2 - 0% - 50%
PK3 Defense
1 - 0% - 58%
2 - 0% - 42%
44 Forward
1 - 0% - 60%
2 - 0% - 40%
44 Defense
1 - 0% - 60%
2 - 0% - 40%
Last Minute Offensive - 0:00
Last Minute Defensive - 0:00
Total
Forward - 60:00
Defense - 60:00
|
% Time on Ice - Senateurs
Lines # - Real PCT - Wanted PCT - Time Play
Normal Forward
1 - 35% - 40% - 15:49
2 - 26% - 30% - 11:29
3 - 22% - 20% - 9:41
4 - 17% - 10% - 7:35
Normal Defense
1 - 42% - 40% - 18:48
2 - 33% - 30% - 14:49
3 - 21% - 20% - 9:18
4 - 4% - 10% - 1:39
PP Forward
1 - 56% - 60% - 1:25
2 - 44% - 40% - 1:08
PP Defense
1 - 43% - 60% - 1:06
2 - 57% - 40% - 1:27
PK Forward
1 - 72% - 60% - 8:57
2 - 28% - 40% - 3:34
PK Defense
1 - 59% - 60% - 7:21
2 - 41% - 40% - 5:10
PK3 Forward
1 - 100% - 60% - 0:22
2 - 0% - 40% - 0:00
PK3 Defense
1 - 100% - 60% - 0:22
2 - 0% - 40% - 0:00
44 Forward
1 - 0% - 60%
2 - 0% - 40%
44 Defense
1 - 0% - 60%
2 - 0% - 40%
Last Minute Offensive - 0:00
Last Minute Defensive - 0:00
Total
Forward - 60:00
Defense - 60:00
|
Play-by-Play
1st period
0:01 of 1st period - Eric Staal wins face-off versus Sean Bergenheim in neutral zone.
0:04 of 1st period - Slapshot by Sami Vatanen.
0:04 of 1st period - Stopped by Viktor Fasth with a rebound.
0:10 of 1st period - Backhand shot by Sidney Crosby.
0:10 of 1st period - Deflect By Sean Bergenheim.
0:10 of 1st period - Stopped by Henrik Lundqvist with a rebound.
0:31 of 1st period - Alexander Radulov is hit by Cody Franson.
0:57 of 1st period - Wrist shot by Steve Regier.
0:57 of 1st period - Stopped by Viktor Fasth without a rebound.
0:58 of 1st period - Peter Regin wins face-off versus Kyle Palmieri in Senateurs zone.
1:25 of 1st period - Derek Meech is hit by Arturs Kulda and loses puck.
1:58 of 1st period - Snap shot by Alexander Radulov.
1:58 of 1st period - Shot Misses the Net.
2:30 of 1st period - Eric Gelinas is hit by David Ullstrom and loses puck.
2:47 of 1st period - Minor Penalty to Nate Prosser for Hooking.
2:48 of 1st period - Sidney Crosby wins face-off versus Eric Staal in Senateurs zone.
3:05 of 1st period - Snap shot by Eric Staal.
3:05 of 1st period - Shot Misses the Net.
4:09 of 1st period - Erik Johnson is hit by Dion Phaneuf and loses puck.
4:17 of 1st period - Icing by Alexander Semin.
4:18 of 1st period - Maxim Lapierre wins face-off versus Brad Marchand in Flames zone.
4:25 of 1st period - Slapshot by Dion Phaneuf.
4:25 of 1st period - Shot Misses the Net.
4:47 of 1st period - Penalty to Nate Prosser is over, Nate Prosser is back on ice.
4:53 of 1st period - Slapshot by Cody Franson.
4:53 of 1st period - Stopped by Henrik Lundqvist without a rebound.
4:54 of 1st period - Vladimir Sobotka wins face-off versus Peter Regin in Flames zone.
5:21 of 1st period - Derek Meech is hit by Eric Gelinas.
5:34 of 1st period - Slapshot by Eric Gelinas.
5:34 of 1st period - Shot Misses the Net.
5:36 of 1st period - Slapshot by Eric Gelinas.
5:36 of 1st period - Deflect By Peter Regin.
5:36 of 1st period - Shot Misses the Net.
5:36 of 1st period - Puck is out of play.
5:37 of 1st period - Sidney Crosby wins face-off versus Eric Staal in Flames zone.
5:40 of 1st period - Wrist shot by Sidney Crosby.
5:40 of 1st period - Shot Misses the Net.
5:42 of 1st period - Snap shot by Cody Franson.
5:42 of 1st period - Shot Blocked by Erik Johnson.
5:44 of 1st period - Slapshot by Cody Franson.
5:44 of 1st period - Shot Misses the Net.
5:46 of 1st period - Slapshot by Sean Bergenheim.
5:46 of 1st period - Stopped by Henrik Lundqvist with a rebound.
5:48 of 1st period - Backhand shot by Dion Phaneuf.
5:48 of 1st period - Shot Blocked by Eric Staal.
5:50 of 1st period - Wrist shot by Sean Bergenheim.
5:50 of 1st period - Stopped by Henrik Lundqvist without a rebound.
5:51 of 1st period - Sidney Crosby wins face-off versus Colin Wilson in Flames zone.
6:45 of 1st period - Snap shot by Marek Svatos.
6:45 of 1st period - Goal by Marek Svatos - Flames : 0 - Senateurs : 1.
6:46 of 1st period - Sidney Crosby wins face-off versus Eric Staal in neutral zone.
7:13 of 1st period - Erik Johnson is hit by Derek Boogaard and loses puck.
7:54 of 1st period - Eric Gelinas is hit by Eric Staal and loses puck.
8:40 of 1st period - Snap shot by Nick Bjugstad.
8:40 of 1st period - Stopped by Henrik Lundqvist with a rebound.
9:49 of 1st period - Snap shot by Matt Martin.
9:49 of 1st period - Stopped by Henrik Lundqvist with a rebound.
9:51 of 1st period - Slapshot by Matt Martin.
9:51 of 1st period - Stopped by Henrik Lundqvist with a rebound.
9:53 of 1st period - Snap shot by Maxim Lapierre.
9:53 of 1st period - Shot Blocked by Kyle Palmieri.
10:33 of 1st period - Snap shot by Nick Bjugstad.
10:33 of 1st period - Deflect By Sidney Crosby.
10:33 of 1st period - Shot Misses the Net.
10:33 of 1st period - Puck is out of play.
10:34 of 1st period - Sidney Crosby wins face-off versus Anders Lee in Flames zone.
10:58 of 1st period - Snap shot by Alexander Radulov.
10:58 of 1st period - Shot Misses the Net.
11:14 of 1st period - Snap shot by Eric Staal.
11:14 of 1st period - Shot Misses the Net.
11:16 of 1st period - Wrist shot by David Backes.
11:16 of 1st period - Stopped by Viktor Fasth with a rebound.
11:18 of 1st period - Snap shot by Alexander Semin.
11:18 of 1st period - Shot Misses the Net.
11:24 of 1st period - Wrist shot by David Backes.
11:24 of 1st period - Stopped by Viktor Fasth with a rebound.
11:36 of 1st period - Eric Gelinas is hit by Sami Vatanen and loses puck.
12:26 of 1st period - Slapshot by David Backes.
12:26 of 1st period - Stopped by Viktor Fasth without a rebound.
12:27 of 1st period - Eric Staal wins face-off versus Nick Bjugstad in Senateurs zone.
13:54 of 1st period - Off-side.
13:55 of 1st period - Sidney Crosby wins face-off versus Eric Staal in neutral zone.
14:00 of 1st period - Slapshot by Nate Prosser.
14:00 of 1st period - Shot Blocked by Colby Robak.
14:02 of 1st period - Snap shot by Sean Bergenheim.
14:02 of 1st period - Shot Misses the Net.
14:53 of 1st period - Sami Vatanen is hit by Colby Armstrong and loses puck.
15:16 of 1st period - Wrist shot by Sean Bergenheim.
15:16 of 1st period - Stopped by Henrik Lundqvist without a rebound.
15:17 of 1st period - Colin Wilson wins face-off versus Nick Bjugstad in Flames zone.
15:26 of 1st period - Slapshot by Brad Marchand.
15:26 of 1st period - Deflect By Colin Wilson.
15:26 of 1st period - Stopped by Viktor Fasth with a rebound.
15:28 of 1st period - Wrist shot by Alexander Radulov.
15:28 of 1st period - Stopped by Viktor Fasth with a rebound.
15:30 of 1st period - Snap shot by Colin Wilson.
15:30 of 1st period - Stopped by Viktor Fasth without a rebound.
15:31 of 1st period - Sidney Crosby wins face-off versus Colin Wilson in Senateurs zone.
15:31 of 1st period - Sidney Crosby is hit by Derek Meech.
15:45 of 1st period - Minor Penalty to Dion Phaneuf for Interference.
15:46 of 1st period - Eric Staal wins face-off versus Sidney Crosby in Senateurs zone.
16:16 of 1st period - Sidney Crosby is hit by Jimmy Hayes and loses puck.
16:49 of 1st period - Eric Staal is hit by Maxim Lapierre and loses puck.
17:45 of 1st period - Penalty to Dion Phaneuf is over, Dion Phaneuf is back on ice.
17:56 of 1st period - Snap shot by David Ullstrom.
17:56 of 1st period - Shot Misses the Net.
17:58 of 1st period - Slapshot by Christian Folin.
17:58 of 1st period - Shot Blocked by Arturs Kulda.
18:00 of 1st period - Snap shot by Brendan Mikkelson.
18:00 of 1st period - Stopped by Viktor Fasth without a rebound.
18:01 of 1st period - Vladimir Sobotka wins face-off versus Maxim Lapierre in Senateurs zone.
18:14 of 1st period - David Ullstrom is hit by Marek Svatos and loses puck.
18:48 of 1st period - Off-side.
18:49 of 1st period - Reilly Smith wins face-off versus Eric Staal in neutral zone.
19:18 of 1st period - Snap shot by Reilly Smith.
19:18 of 1st period - Stopped by Henrik Lundqvist with a rebound.
19:49 of 1st period - Wrist shot by Steve Regier.
19:49 of 1st period - Shot Blocked by Maxim Lapierre.
19:51 of 1st period - Slapshot by Sami Vatanen.
19:51 of 1st period - Stopped by Viktor Fasth with a rebound.
19:53 of 1st period - Slapshot by Erik Johnson.
19:53 of 1st period - Stopped by Viktor Fasth with a rebound.
Goals for this period are 0 for Flames vs 1 for Senateurs.
Shots for this period are 11 for Flames vs 10 for Senateurs.
2nd period
0:01 of 2nd period - Sidney Crosby wins face-off versus Eric Staal in neutral zone.
0:04 of 2nd period - Slapshot by Dion Phaneuf.
0:04 of 2nd period - Stopped by Henrik Lundqvist without a rebound.
0:05 of 2nd period - Eric Staal wins face-off versus Sidney Crosby in Flames zone.
0:54 of 2nd period - Wrist shot by Brad Marchand.
0:54 of 2nd period - Stopped by Viktor Fasth with a rebound.
0:56 of 2nd period - Slapshot by Colby Robak.
0:56 of 2nd period - Shot Misses the Net.
0:58 of 2nd period - Slapshot by Colin Wilson.
0:58 of 2nd period - Shot Misses the Net.
1:00 of 2nd period - Snap shot by Colin Wilson.
1:00 of 2nd period - Shot Blocked by Colby Armstrong.
1:02 of 2nd period - Snap shot by Brad Marchand.
1:02 of 2nd period - Shot Misses the Net.
1:04 of 2nd period - Backhand shot by Colby Robak.
1:04 of 2nd period - Shot Blocked by Eric Gelinas.
1:21 of 2nd period - Slapshot by Reilly Smith.
1:21 of 2nd period - Shot Misses the Net.
1:23 of 2nd period - Snap shot by Sean Bergenheim.
1:23 of 2nd period - Shot Misses the Net.
1:25 of 2nd period - Slapshot by Nate Prosser.
1:25 of 2nd period - Shot Misses the Net.
1:31 of 2nd period - Minor Penalty to Steve Regier for Delaying the game.
1:32 of 2nd period - Colin Wilson wins face-off versus Sidney Crosby in Flames zone.
2:09 of 2nd period - Snap shot by Marek Svatos.
2:09 of 2nd period - Shot Misses the Net.
2:19 of 2nd period - Wrist shot by David Backes.
2:19 of 2nd period - Shot Misses the Net.
2:21 of 2nd period - Slapshot by Erik Johnson.
2:21 of 2nd period - Stopped by Viktor Fasth without a rebound.
2:22 of 2nd period - Vladimir Sobotka wins face-off versus Sidney Crosby in Senateurs zone.
3:31 of 2nd period - Penalty to Steve Regier is over, Steve Regier is back on ice.
4:25 of 2nd period - Slapshot by Anders Lee.
4:25 of 2nd period - Stopped by Viktor Fasth with a rebound.
4:27 of 2nd period - Slapshot by Steve Regier.
4:27 of 2nd period - Stopped by Viktor Fasth with a rebound.
4:29 of 2nd period - Snap shot by Jimmy Hayes.
4:29 of 2nd period - Shot Misses the Net.
4:31 of 2nd period - Snap shot by Anders Lee.
4:31 of 2nd period - Shot Blocked by Brian McGrattan.
5:02 of 2nd period - Wrist shot by Steve Regier.
5:02 of 2nd period - Stopped by Viktor Fasth with a rebound.
5:04 of 2nd period - Wrist shot by Steve Regier.
5:04 of 2nd period - Goal by Steve Regier - Flames : 1 - Senateurs : 1.
5:05 of 2nd period - Eric Staal wins face-off versus Sidney Crosby in neutral zone.
5:58 of 2nd period - Wrist shot by Marek Svatos.
5:58 of 2nd period - Stopped by Henrik Lundqvist with a rebound.
6:00 of 2nd period - Slapshot by Cody Franson.
6:00 of 2nd period - Shot Misses the Net.
6:02 of 2nd period - Wrist shot by Marek Svatos.
6:02 of 2nd period - Goal by Marek Svatos - Flames : 1 - Senateurs : 2.
6:03 of 2nd period - Eric Staal wins face-off versus Sidney Crosby in neutral zone.
6:05 of 2nd period - Erik Johnson is hit by Nate Prosser and loses puck.
6:18 of 2nd period - Snap shot by Eric Staal.
6:18 of 2nd period - Shot Misses the Net.
6:20 of 2nd period - Slapshot by Eric Staal.
6:20 of 2nd period - Stopped by Viktor Fasth without a rebound.
6:21 of 2nd period - Colin Wilson wins face-off versus Nick Bjugstad in Senateurs zone.
6:25 of 2nd period - Minor Penalty to Cody Franson for Hooking.
6:26 of 2nd period - Eric Staal wins face-off versus Sidney Crosby in Senateurs zone.
6:30 of 2nd period - Slapshot by Erik Johnson.
6:30 of 2nd period - Shot Blocked by Dion Phaneuf.
6:32 of 2nd period - Backhand shot by Alexander Radulov.
6:32 of 2nd period - Stopped by Viktor Fasth with a rebound.
6:38 of 2nd period - Wrist shot by Alexander Semin.
6:38 of 2nd period - Stopped by Viktor Fasth with a rebound.
6:40 of 2nd period - Slapshot by Sami Vatanen.
6:40 of 2nd period - Shot Blocked by Arturs Kulda.
6:42 of 2nd period - Slapshot by Sami Vatanen.
6:42 of 2nd period - Deflect By Eric Staal.
6:42 of 2nd period - Shot Blocked by Dion Phaneuf.
6:42 of 2nd period - Puck is out of play.
6:43 of 2nd period - Sidney Crosby wins face-off versus Eric Staal in Senateurs zone.
7:53 of 2nd period - Off-side.
7:54 of 2nd period - Derek Boogaard wins face-off versus Colin Wilson in neutral zone.
8:00 of 2nd period - Icing by Jimmy Hayes.
8:01 of 2nd period - Derek Boogaard wins face-off versus Colin Wilson in Flames zone.
8:22 of 2nd period - Wrist shot by Colin Wilson.
8:22 of 2nd period - Goal by Colin Wilson - Flames : 2 - Senateurs : 2.
8:23 of 2nd period - Sidney Crosby wins face-off versus Eric Staal in neutral zone.
8:26 of 2nd period - Snap shot by Sean Bergenheim.
8:26 of 2nd period - Stopped by Henrik Lundqvist without a rebound.
8:27 of 2nd period - Eric Staal wins face-off versus Sidney Crosby in Flames zone.
8:39 of 2nd period - Double Minor Penalty to Dion Phaneuf for Roughing.
8:40 of 2nd period - Sidney Crosby wins face-off versus Eric Staal in Senateurs zone.
9:06 of 2nd period - Snap shot by Jimmy Hayes.
9:06 of 2nd period - Shot Misses the Net.
9:40 of 2nd period - Minor Penalty to Sean Bergenheim for High sticking.
9:41 of 2nd period - Eric Staal wins face-off versus Sidney Crosby in Senateurs zone.
9:42 of 2nd period - Wrist shot by Alexander Radulov.
9:42 of 2nd period - Shot Hit the Post.
9:44 of 2nd period - Snap shot by Alexander Semin.
9:44 of 2nd period - Stopped by Viktor Fasth with a rebound.
9:46 of 2nd period - Snap shot by Eric Staal.
9:46 of 2nd period - Goal by Eric Staal - Flames : 3 - Senateurs : 2.
9:47 of 2nd period - Sidney Crosby wins face-off versus Eric Staal in neutral zone.
10:02 of 2nd period - Slapshot by Erik Johnson.
10:02 of 2nd period - Goal by Erik Johnson - Flames : 4 - Senateurs : 2.
10:03 of 2nd period - Sidney Crosby wins face-off versus Eric Staal in neutral zone.
10:08 of 2nd period - Snap shot by Sidney Crosby.
10:08 of 2nd period - Shot Blocked by Eric Staal.
11:38 of 2nd period - Maxim Lapierre is hit by Alexander Radulov.
11:40 of 2nd period - Penalty to Sean Bergenheim is over, Sean Bergenheim is back on ice.
11:42 of 2nd period - Slapshot by Cody Franson.
11:42 of 2nd period - Stopped by Henrik Lundqvist with a rebound.
11:57 of 2nd period - Slapshot by Arturs Kulda.
11:57 of 2nd period - Goal by Arturs Kulda - Flames : 4 - Senateurs : 3.
11:58 of 2nd period - Sidney Crosby wins face-off versus Eric Staal in neutral zone.
12:03 of 2nd period - Slapshot by Dion Phaneuf.
12:03 of 2nd period - Stopped by Henrik Lundqvist without a rebound.
12:04 of 2nd period - Sidney Crosby wins face-off versus Eric Staal in Flames zone.
12:19 of 2nd period - Slapshot by Eric Staal.
12:19 of 2nd period - Shot Hit the Post.
12:31 of 2nd period - Wrist shot by Steve Regier.
12:31 of 2nd period - Shot Misses the Net.
12:33 of 2nd period - Slapshot by Derek Meech.
12:33 of 2nd period - Stopped by Viktor Fasth with a rebound.
12:39 of 2nd period - Wrist shot by Steve Regier.
12:39 of 2nd period - Shot Misses the Net.
12:43 of 2nd period - Wrist shot by Steve Regier.
12:43 of 2nd period - Stopped by Viktor Fasth with a rebound.
13:14 of 2nd period - Maxim Lapierre is hit by David Backes.
13:24 of 2nd period - Slapshot by Marek Svatos.
13:24 of 2nd period - Stopped by Henrik Lundqvist with a rebound.
14:19 of 2nd period - Maxim Lapierre is hit by Erik Johnson and loses puck.
14:54 of 2nd period - Minor Penalty to Erik Johnson for Holding.
14:55 of 2nd period - Sidney Crosby wins face-off versus Vladimir Sobotka in Flames zone.
15:28 of 2nd period - Slapshot by Eric Gelinas.
15:28 of 2nd period - Goal by Eric Gelinas - Flames : 4 - Senateurs : 4.
15:29 of 2nd period - Sidney Crosby wins face-off versus Eric Staal in neutral zone.
15:46 of 2nd period - Slapshot by David Backes.
15:46 of 2nd period - Deflect By Eric Staal.
15:46 of 2nd period - Shot Misses the Net.
15:46 of 2nd period - Puck is out of play.
15:47 of 2nd period - Colin Wilson wins face-off versus Nick Bjugstad in Senateurs zone.
15:56 of 2nd period - Snap shot by Brad Marchand.
15:56 of 2nd period - Stopped by Viktor Fasth without a rebound.
15:57 of 2nd period - Colin Wilson wins face-off versus Nick Bjugstad in Senateurs zone.
16:22 of 2nd period - Slapshot by Alexander Radulov.
16:22 of 2nd period - Shot Misses the Net.
16:24 of 2nd period - Snap shot by Brad Marchand.
16:24 of 2nd period - Stopped by Viktor Fasth with a rebound.
16:26 of 2nd period - Wrist shot by Alexander Radulov.
16:26 of 2nd period - Shot Misses the Net.
16:28 of 2nd period - Slapshot by Brendan Mikkelson.
16:28 of 2nd period - Stopped by Viktor Fasth without a rebound.
16:29 of 2nd period - Eric Staal wins face-off versus Sidney Crosby in Senateurs zone.
16:30 of 2nd period - Slapshot by Alexander Semin.
16:30 of 2nd period - Shot Misses the Net.
16:45 of 2nd period - Slapshot by Sean Bergenheim.
16:45 of 2nd period - Stopped by Henrik Lundqvist without a rebound.
16:46 of 2nd period - Nick Bjugstad wins face-off versus Colin Wilson in Flames zone.
17:16 of 2nd period - Slapshot by Nate Prosser.
17:16 of 2nd period - Stopped by Henrik Lundqvist with a rebound.
17:39 of 2nd period - Slapshot by David Backes.
17:39 of 2nd period - Stopped by Viktor Fasth without a rebound.
17:40 of 2nd period - Eric Staal wins face-off versus Nick Bjugstad in Senateurs zone.
18:05 of 2nd period - Cody Franson is hit by David Backes and loses puck.
18:28 of 2nd period - Snap shot by Sidney Crosby.
18:28 of 2nd period - Shot Misses the Net.
19:11 of 2nd period - Wrist shot by David Ullstrom.
19:11 of 2nd period - Deflect By Colby Armstrong.
19:11 of 2nd period - Stopped by Viktor Fasth without a rebound.
19:12 of 2nd period - Vladimir Sobotka wins face-off versus Sidney Crosby in Senateurs zone.
19:13 of 2nd period - Slapshot by David Ullstrom.
19:13 of 2nd period - Shot Blocked by Reilly Smith.
19:15 of 2nd period - Slapshot by Derek Meech.
19:15 of 2nd period - Deflect By Vladimir Sobotka.
19:15 of 2nd period - Stopped by Viktor Fasth without a rebound.
19:16 of 2nd period - Eric Staal wins face-off versus Sidney Crosby in Senateurs zone.
19:19 of 2nd period - Wrist shot by David Backes.
19:19 of 2nd period - Stopped by Viktor Fasth without a rebound.
19:20 of 2nd period - Eric Staal wins face-off versus Sidney Crosby in Senateurs zone.
Goals for this period are 4 for Flames vs 3 for Senateurs.
Shots for this period are 22 for Flames vs 11 for Senateurs.
3rd period
0:01 of 3rd period - Eric Staal wins face-off versus Sidney Crosby in neutral zone.
1:14 of 3rd period - Slapshot by Marek Svatos.
1:14 of 3rd period - Deflect By Christian Folin.
1:14 of 3rd period - Goal by Marek Svatos - Flames : 4 - Senateurs : 5.
1:15 of 3rd period - Sidney Crosby wins face-off versus Eric Staal in neutral zone.
1:32 of 3rd period - Slapshot by Sean Bergenheim.
1:32 of 3rd period - Stopped by Henrik Lundqvist without a rebound.
1:33 of 3rd period - Colin Wilson wins face-off versus Nick Bjugstad in Flames zone.
1:46 of 3rd period - Snap shot by Derek Boogaard.
1:46 of 3rd period - Shot Blocked by Colin Wilson.
1:48 of 3rd period - Slapshot by Eric Gelinas.
1:48 of 3rd period - Stopped by Henrik Lundqvist without a rebound.
1:49 of 3rd period - Eric Staal wins face-off versus Sidney Crosby in Flames zone.
1:56 of 3rd period - Wrist shot by David Backes.
1:56 of 3rd period - Shot Misses the Net.
1:58 of 3rd period - Slapshot by Colby Robak.
1:58 of 3rd period - Shot Blocked by Dion Phaneuf.
2:00 of 3rd period - Slapshot by Derek Meech.
2:00 of 3rd period - Stopped by Viktor Fasth without a rebound.
2:01 of 3rd period - David Backes wins face-off versus Sidney Crosby in Senateurs zone.
2:28 of 3rd period - Cody Franson is hit by Erik Johnson and loses puck.
2:39 of 3rd period - Wrist shot by Brad Marchand.
2:39 of 3rd period - Shot Misses the Net.
2:41 of 3rd period - Slapshot by Brendan Mikkelson.
2:41 of 3rd period - Shot Blocked by Derek Boogaard.
2:57 of 3rd period - Marek Svatos is hit by Jimmy Hayes.
3:15 of 3rd period - Backhand shot by Peter Regin.
3:15 of 3rd period - Shot Misses the Net.
3:17 of 3rd period - Snap shot by Sergei Kostitsyn.
3:17 of 3rd period - Stopped by Henrik Lundqvist with a rebound.
3:19 of 3rd period - Wrist shot by Cody Franson.
3:19 of 3rd period - Shot Blocked by Derek Meech.
3:21 of 3rd period - Wrist shot by Peter Regin.
3:21 of 3rd period - Shot Misses the Net.
3:23 of 3rd period - Snap shot by Sergei Kostitsyn.
3:23 of 3rd period - Stopped by Henrik Lundqvist with a rebound.
3:47 of 3rd period - Nate Prosser is hit by Eric Staal and loses puck.
4:14 of 3rd period - Minor Penalty to Nick Bjugstad for Delaying the game.
4:15 of 3rd period - Eric Staal wins face-off versus Sidney Crosby in Senateurs zone.
4:49 of 3rd period - Brad Marchand is hit by Dion Phaneuf.
5:15 of 3rd period - Alexander Semin is hit by Sean Bergenheim and loses puck.
6:14 of 3rd period - Penalty to Nick Bjugstad is over, Nick Bjugstad is back on ice.
6:37 of 3rd period - Sami Vatanen is hit by Colby Armstrong and loses puck.
7:51 of 3rd period - Colin Wilson is hit by Sean Bergenheim and loses puck.
8:44 of 3rd period - Eric Gelinas is hit by Eric Staal.
9:37 of 3rd period - Steve Regier is hit by Maxim Lapierre and loses puck.
10:17 of 3rd period - David Ullstrom is hit by Sergei Kostitsyn and loses puck.
10:30 of 3rd period - Alexander Radulov is hit by Cody Franson and loses puck.
10:52 of 3rd period - Alexander Semin is hit by Reilly Smith.
11:14 of 3rd period - Christian Folin is hit by Maxim Lapierre and loses puck.
11:35 of 3rd period - David Ullstrom is hit by Peter Regin and loses puck.
11:58 of 3rd period - Colby Armstrong is hit by Alexander Radulov and loses puck.
12:19 of 3rd period - Minor Penalty to Nate Prosser for Unsportsmanlike conduct.
12:20 of 3rd period - Eric Staal wins face-off versus Sidney Crosby in Senateurs zone.
14:19 of 3rd period - Penalty to Nate Prosser is over, Nate Prosser is back on ice.
14:31 of 3rd period - Snap shot by Eric Gelinas.
14:31 of 3rd period - Stopped by Henrik Lundqvist with a rebound.
14:45 of 3rd period - Wrist shot by Sergei Kostitsyn.
14:45 of 3rd period - Goal by Sergei Kostitsyn - Flames : 4 - Senateurs : 6.
14:46 of 3rd period - Nick Bjugstad wins face-off versus Eric Staal in neutral zone.
14:53 of 3rd period - Slapshot by Arturs Kulda.
14:53 of 3rd period - Shot Misses the Net.
15:36 of 3rd period - Wrist shot by Brad Marchand.
15:36 of 3rd period - Stopped by Viktor Fasth with a rebound.
15:38 of 3rd period - Snap shot by Colby Robak.
15:38 of 3rd period - Shot Misses the Net.
15:40 of 3rd period - Backhand shot by Colin Wilson.
15:40 of 3rd period - Stopped by Viktor Fasth without a rebound.
15:41 of 3rd period - Maxim Lapierre wins face-off versus Anders Lee in Senateurs zone.
16:41 of 3rd period - Snap shot by Brad Marchand.
16:41 of 3rd period - Deflect By Reilly Smith.
16:41 of 3rd period - Shot Misses the Net.
16:41 of 3rd period - Puck is out of play.
16:42 of 3rd period - Anders Lee wins face-off versus Maxim Lapierre in Senateurs zone.
17:28 of 3rd period - David Backes is hit by Reilly Smith and loses puck.
17:39 of 3rd period - Snap shot by Reilly Smith.
17:39 of 3rd period - Stopped by Henrik Lundqvist with a rebound.
17:49 of 3rd period - Wrist shot by Reilly Smith.
17:49 of 3rd period - Stopped by Henrik Lundqvist without a rebound.
17:50 of 3rd period - Anders Lee wins face-off versus Maxim Lapierre in Flames zone.
17:55 of 3rd period - Marek Svatos is hit by Steve Regier and loses puck.
18:16 of 3rd period - Dion Phaneuf is hit by Colin Wilson and loses puck.
18:29 of 3rd period - Alexander Radulov is hit by Cody Franson and loses puck.
Goals for this period are 0 for Flames vs 2 for Senateurs.
Shots for this period are 3 for Flames vs 9 for Senateurs.